 Dungeon Crawl Stone Soup version 0.30-a0-509-gd016549fea (webtiles) character file.

Game seed: 13837767021321655508

248 kae the Firebug (level 6, -4/32 HPs)
             Began as a Tengu Fire Elementalist on Dec 22, 2022.
             Killed by an exploding Pikel (36 damage)
             ... ignited by their inner flame
             ... on level 4 of the Dungeon.
             The game lasted 00:03:11 (3360 turns).

kae the Firebug (Tengu Fire Elementalist)           Turns: 3360, Time: 00:03:12

Health: -4/32      AC:  3    Str:  8    XL:     6   Next: 12%
Magic:  5/11       EV: 14    Int: 17    God:
Gold:   191        SH:  0    Dex: 15    Spells: 5/11 levels left

rFire   . . .      SeeInvis .    r - +1 dagger (venom)
rCold   . . .      Faith    .    (no shield)
rNeg    + . .      Spirit   .    a - +1 robe
rPois   +          Reflect  .    (helmet restricted)
rElec   .          Harm     .    (no cloak)
rCorr   .          Rampage  .    (no gloves)
Will    .....                    (boots unavailable)
Stlth   ++........               (no amulet)
HPRegen 0.25/turn                P - ring of poison resistance
MPRegen 0.12/turn                N - ring of positive energy

@: flying quickly and evasively, quick
A: beak, talons 3, nimble flight
a: no special abilities


You were on level 4 of the Dungeon.
You visited 1 branch of the dungeon, and saw 4 of its levels.

You collected 191 gold pieces.


Innate Abilities, Weirdness & Mutations

You have a beak for a mouth.
You have claws for feet.
Your magical nature lets you fly swiftly and evasively.


   Skills:
 - Level 2.1 Dodging
 - Level 2.0 Stealth
 + Level 3.0 Spellcasting
 * Level 5.0 Conjurations
 * Level 5.2 Fire Magic


You had 5 spell levels left.
You knew the following spells:

 Your Spells              Type           Power      Damage    Failure   Level
a - Foxfire               Conj/Fire      80%        2x1d8     2%          1
b - Scorch                Fire           40%        2d7       3%          2
c - Inner Flame           Hex/Fire       11%        N/A       19%         3

Your spell library contained the following spells:

 Spells                   Type           Power      Damage    Failure   Level
 Flame Wave               Conj/Fire      20%        2d7       22%         4
 Cigotuvi's Dreadful Rot  Necr/Pois/Air  4%         N/A       26%         2
 Kindle Blastsparks       Fire/Tloc/Air  16%        2d11      26%         3
 Dispel Undead            Necr           2%         3d7       86%         4
 Death Channel            Necr           1%         N/A       100%        6

Inventory:

Hand Weapons
 e - a +0 short sword
   (You found it on level 1 of the Dungeon)
 r - a +1 dagger of venom (weapon)
   (You took it off an orc wizard on level 3 of the Dungeon)
Missiles
 f - 45 stones
Armour
 a - a +1 robe (worn)
Magical Staves
 i - a staff of death {!a}
   (You found it on level 1 of the Dungeon)
Jewellery
 N - a ring of positive energy (right hand)
   (You found it on level 2 of the Dungeon)
 P - a ring of poison resistance (left hand)
   (You found it on level 1 of the Dungeon)
Scrolls
 t - a scroll of teleportation {@r4}
Potions
 b - a potion of magic
 c - a potion of heal wounds {@q2}
 h - 2 potions of lignification {unknown}
 j - a potion of ambrosia
 m - a potion of degeneration {unknown}
 n - a potion of berserk rage {unknown}
 q - 3 potions of mutation {!q}
 u - a potion of curing {unknown}
 v - 2 potions of flight {unknown}
 w - a potion of haste {@q3}
 x - a potion of attraction {unknown}

Dungeon Overview and Level Annotations

Branches:
Dungeon (4/15) Zot: 20738
 Temple: D:4-7

Altars:
Makhleb
Trog
Wu Jian
Yredelemnul

Shops:
D:1 (

Annotations:
D:4 Eustachio

##.# ##.[..#
**.. #§#
##.....## **..#
****** #§#
##..###..###...#
*,,,,* #.###..##
#.........
*,**,** #§##..##
##...####.
*,***,** ##...##
##### *, *,*
*#.###[§§.# *,
*,*
*#..)..§§#####
*, ***
######@§....# *,
#......# *,
##..##.# ***,
#####.## **,,*
##.# *,*** ###
***


There were no monsters in sight!


Message History

Your butterfly disappears in a burst of colours!
Your butterfly is engulfed in poison gas.
Your butterfly is poisoned.
You kill your butterfly!
Your butterfly disappears in a burst of colours!
As you read the scroll labelled TAICOHUDGHO, it crumbles to dust.
You feel strangely unstable.
It was a scroll of teleportation.
Your butterfly is engulfed in poison gas.
Your butterfly is poisoned.
You kill your butterfly!
Your butterfly disappears in a burst of colours!
Your butterfly is engulfed in poison gas.
Your butterfly is poisoned.
You kill your butterfly!
Your butterfly disappears in a burst of colours!
You fly upwards.
Your summoned allies are left behind.
Your surroundings suddenly seem different.
You start waiting.
Done waiting.
(D) Dungeon
Where to? (Enter - D:4 @ (x,y), ? - help)
There is a stone staircase leading down here.
You fly downwards.
Level annotation: Pikel
There is a stone staircase leading up here.
As you read the scroll labelled TORUCKOURCHE, it crumbles to dust.
It is a scroll of identify.
w - a potion of haste
As you read the scroll labelled WYEBYR TIJO, it crumbles to dust.
You hear a loud clanging noise!
It was a scroll of noise.
You hear an angry hiss.
You hear a bark!
You hear a shout! x13
Unknown command.
As you read the scroll of identify {@r1}, it crumbles to dust.
c - a potion of heal wounds
As you read the scroll of identify {@r1}, it crumbles to dust.
q - 3 potions of mutation
As you read the scroll of identify {@r1}, it crumbles to dust.
j - a potion of ambrosia You start waiting.
Eustachio the Magnificent comes into view.
He is wielding a +1 rapier of protection.
Eustachio gestures wildly while chanting.
You fly upwards.
There is a stone staircase leading down here.
You reach down and open the door.
There is an open door here.
There is an open door here.
There is a stone staircase leading down here.
You fly downwards.
Level annotation: Eustachio, Pikel
There is a stone staircase leading up here.
You start waiting.
Pikel is nearby!
Casting: Foxfire (safe; 2% risk of failure)
Confirm with . or Enter, or press ? or * to list all spells.
The spell is quite dangerous to miscast (19% risk of failure)!
Continue anyway? [Y]es or [N]o only, please.
The spell is quite dangerous to miscast (19% risk of failure)!
Continue anyway?
Aiming: Inner Flame (quite dangerous; 19% risk of failure)
Press: ? - help, Dir - move target, f - Pikel
Aim: Pikel, wielding a +2 whip of flaming and wearing a +0 robe (wandering, hasn't noticed you, chance to affect: 62%) Pikel is filled with an inner flame. 😎 MP[-3]
You lost 3 mp, and now have 8/11 mp.
Casting: Inner Flame (quite dangerous; 19% risk of failure)
Confirm with . or Enter, or press ? or * to list all spells.
You conjure some foxfire!
Pikel says, "You'll feel the lick of my whip!"
The foxfire hits Pikel.
Flame seeps out of Pikel.
Pikel is engulfed in blazing flames.
Flame seeps out of Pikel.
The foxfire hits Pikel.
Flame seeps out of Pikel. 😎 MP[-1]
You lost 1 mp, and now have 7/11 mp.
Casting: Foxfire (safe; 2% risk of failure)
Confirm with . or Enter, or press ? or * to list all spells.
You conjure some foxfire!
The foxfire hits Pikel but does no damage.
Pikel is engulfed in blazing flames.
Flame seeps out of Pikel.
The foxfire hits Pikel.
Flame seeps out of Pikel. 😎 MP[-1]
You lost 1 mp, and now have 6/11 mp.
Casting: Foxfire (safe; 2% risk of failure)
Confirm with . or Enter, or press ? or * to list all spells.
You conjure some foxfire!
The foxfire hits Pikel but does no damage.
The foxfire hits Pikel.
Flame seeps out of Pikel.
Pikel is engulfed in blazing flames.
Flame seeps out of Pikel. 😎 MP[-1]
You lost 1 mp, and now have 5/11 mp.
Casting: Foxfire (safe; 2% risk of failure)
Confirm with . or Enter, or press ? or * to list all spells.
You conjure some foxfire!
The lemure shouts!
You hear a shout!
The foxfire hits Pikel but does no damage.
The foxfire hits Pikel!
With Pikel's spell broken, his former minions thank you for their freedom.
The lemure departs this earthly plane. x3; The fiery explosion engulfs you!!!
Ouch! That really hurt!
You die...

Skill      XL: |  1  2  3  4  5  6 |
---------------+-------------------+-----
Conjurations   | 2 3 4 5 |  5.0
Fire Magic     | 4 5 |  5.2
Spellcasting   | 3 |  3.0
Dodging        | |  2.1
Stealth        | |  2.0

Action                   |  1- 3 |  4- 6 || total
-------------------------+-------+-------++-------
Melee: Unarmed           |     3 |       ||     3
       Short sword       |     4 |       ||     4
       Kick              |     2 |       ||     2
       Peck              |     1 |       ||     1
       Dagger            |       |     3 ||     3
 Cast: Foxfire           |    56 |    65 ||   121
       Scorch            |       |     9 ||     9
       Inner Flame       |       |     1 ||     1
  Use: Scroll            |     2 |    11 ||    13
 Stab: Sleeping          |       |     3 ||     3
Armor: Robe              |     8 |     1 ||     9
Dodge: Dodged            |    11 |     6 ||    17

Levels and vault maps discovered:
D:1:      wander_arrival_fairy_ring, layout_rooms, serial_shops,
          nicolae_shop_waterfront, minmay_pentomino_t2
D:2:      layout_loops_ring, grunt_ministairs_1
D:3:      minmay_angry_zag, layout_loops_corners, mainiacjoe_overflow_alcove_3
D:4:      layout_layer_cave, amethyst_overflow_temple_binary,
          amcnicky_altar_gilded, nrook_uturn, uniq_grinder, uniq_eustachio,
          uniq_pikel

Notes
Turn   | Place    | Note
-------+----------+-------------------------------------------
     0 | D:1      | kae the Tengu Fire Elementalist began the quest for the
                  | Orb.
     0 | D:1      | Reached XP level 1. HP: 10/10 MP: 4/4
     0 | D:1      | magus.rc [v1.11.3]
    48 | D:1      | Found Qaila's Antique Weapon Boutique.
   237 | D:1      | Reached skill level 2 in Conjurations
   237 | D:1      | Reached XP level 2. HP: 15/15 MP: 4/6
   719 | D:2      | Reached XP level 3. HP: 13/19 MP: 3/7
   722 | D:2      | Learned a level 2 spell: Scorch
   726 | D:2      | Learned a level 3 spell: Inner Flame
   815 | D:2      | You pick up a book of Decay and begin reading...
   815 | D:2      | You add the spells Cigotuvi's Dreadful Rot, Dispel Undead
                  | and Death Channel to your library.
   933 | D:2      | Reached skill level 4 in Fire Magic
  1153 | D:2      | Reached skill level 3 in Conjurations
  1270 | D:2      | Reached XP level 4. HP: 23/24 MP: 2/8
  1270 | D:2      | Identified the +0 helmet of the Gastropod {Rampage}
  1735 | D:3      | Noticed a centaur
  1742 | D:3      | Killed a centaur
  1743 | D:3      | Reached skill level 4 in Conjurations
  1743 | D:3      | Gained mutation: Your magical nature lets you fly swiftly
                  | and evasively. [Tengu growth]
  1743 | D:3      | Reached XP level 5. HP: 13/28 MP: 4/10
  1982 | D:3      | Reached skill level 5 in Fire Magic
  2186 | D:3      | Reached skill level 3 in Spellcasting
  2205 | D:3      | Reached XP level 6. HP: 32/32 MP: 6/11
  2712 | D:3      | Found a burning altar of Makhleb.
  2713 | D:3      | Found a basalt altar of Yredelemnul.
  2714 | D:3      | Found a bloodstained altar of Trog.
  2715 | D:3      | Found an ornate altar of the Wu Jian Council.
  2943 | D:4      | Reached skill level 5 in Conjurations
  3030 | D:4      | Noticed Pikel
  3260 | D:4      | Noticed Eustachio
  3360 | D:4      | Killed Pikel
  3360 | D:4      | Killed by an exploding Pikel... ignited by their inner
                  | flame

Vanquished Creatures
  Pikel (D:4)
  A centaur (D:3)
  2 orc wizards (D:3)
  4 adders
  3 worms
  2 dart slugs (D:2)
  4 orcs
  6 endoplasms
  2 giant cockroaches
  4 goblins
  6 hobgoblins
  2 jackals (D:2)
  9 kobolds
  3 quokkas
  5 ball pythons
  6 bats
  3 frilled lizards
  5 rats
68 creatures vanquished.

Vanquished Creatures (collateral kills)
  2 foxfires (D:1)
2 creatures vanquished.

Vanquished Creatures (others)
  200 foxfires
200 creatures vanquished.

Grand Total: 270 creatures vanquished

Table legend:
 A = Non-vault XP
 B = Vault XP
 C = Vault XP percentage of total XP
 D = Non-vault monster count
 E = Vault monster count
 F = Vault count percentage of total count
                 A         B        C        D         E       F
            +---------+---------+-------+---------+---------+-------
      Total |     340 |     656 |  65.9 |      58 |      10 |  14.7
            +---------+---------+-------+---------+---------+-------
        D:1 |      24 |       4 |  14.3 |      15 |       2 |  11.8
        D:2 |      59 |       4 |   6.3 |      14 |       2 |  12.5
        D:3 |     250 |       7 |   2.7 |      26 |       5 |  16.1
        D:4 |       7 |     641 |  98.9 |       3 |       1 |  25.0
            +---------+---------+-------+---------+---------+-------

Illustrated notes

Table legend:
 A = Kills in this place as a percentage of kills in entire the game.
 B = Kills by you in this place as a percentage of kills by you in the entire game.
 C = Kills by friends in this place as a percentage of kills by friends in the entire game.
 D = Other kills in this place as a percentage of other kills in the entire game.
 E = Experience gained in this place as a percentage of experience gained in the entire game.
 F = Experience gained in this place divided by the number of levels of this place that you have seen.
                   A       B       C       D       E      F
               +-------+-------+-------+-------+-------+----------------------
         Total | 100.0 | 100.0 |   N/A |   N/A | 100.0 | 249.0
       Dungeon | 100.0 | 100.0 |   N/A |   N/A | 100.0 | 249.0
               +-------+-------+-------+-------+-------+----------------------

Table legend: (Time is in decaauts)
 A = Elapsed time spent in this place.
 B = Non-inter-level travel time spent in this place.
 C = Inter-level travel time spent in this place.
 D = Time resting spent in this place.
 E = Time spent auto-exploring this place.
 F = Levels seen in this place.
 G = Mean time per level.
                   A        B        C        D        E       F      G
               +--------+--------+--------+--------+--------+-----+--------+
         Total |   3260 |   3112 |    148 |    147 |   2489 |   4 |  815.0 |
       Dungeon |   3260 |   3112 |    148 |    147 |   2489 |   4 |  815.0 |
               +--------+--------+--------+--------+--------+-----+--------+

Top non-repeatable levels by time:
     D:3: 1449 daAuts
     D:2: 955 daAuts
     D:1: 650 daAuts
     D:4: 205 daAuts
